 Dungeon Crawl Stone Soup version bcrawl-1.12.1 (webtiles) character file.

Game seed: 964565525034293783

725 Groucho the Covert (level 7, -2/32 HPs)
             Began as a Spriggan Venom Mage on July 13, 2019.
             Killed by divine providence
             ... invoked by an orc priest
              (11 damage)
             ... on level 5 of the Dungeon on July 14, 2019.
             The game lasted 00:35:02 (11686 turns).

Groucho the Covert (Spriggan Venom Mage)           Turns: 11686, Time: 00:35:03

Health: -2/32      AC:  5    Str:  5    XL:     7   Next: 43%
Magic:  1/16       EV: 18    Int: 18    God:
Gold:   410        SH:  0    Dex: 16    Spells: 3/17 levels left

rFire    . . .     SeeInvis +   h - +0 dagger
rCold    . . .     Gourm    .   (shield restricted)
rNeg     . . .     Faith    .   a - +0 robe
rPois    .         Spirit   .   i - +1 hat
rElec    .         Reflect  .   l - +1 cloak
rCorr    .         Harm     .   (gloves unavailable)
MR       +....                  (boots unavailable)
Stlth    ++++......             (no amulet)
HPRegen  0.10/turn              (no ring)
MPRegen  0.15/turn              (no ring)

@: very slightly contaminated, very quick
A: very small, unfitting armour, see invisible, herbivore, speed 3, slow
metabolism 2
a: no special abilities


You were on level 5 of the Dungeon.
You were not hungry.

You visited 1 branch of the dungeon, and saw 5 of its levels.

You collected 410 gold pieces.

Inventory:

Hand Weapons
 d - a +0 short sword
 h - a +0 dagger (weapon)
 q - a +0 blowgun
Missiles
 b - 960 stones (quivered)
 r - 121 poisoned needles
Armour
 a - a +0 robe (worn)
 i - a +1 hat (worn)
 l - a +1 cloak (worn)
Jewellery
 g - a +3 ring of intelligence {unknown}
 u - an uncursed ring of protection from magic
Wands
 p - a wand of random effects (10)
 t - a wand of scattershot (5)
Scrolls
 c - a scroll of teleportation
 k - 4 scrolls of identify
 m - a scroll of remove curse
 n - a scroll of magic mapping
 o - a scroll of blinking {unknown}
 s - a scroll of enchant weapon {unknown}
 v - a scroll of amnesia {unknown}
Potions
 e - a potion of resistance
 j - a potion of lignification
Comestibles
 f - 6 rations {!d}


   Skills:
 - Level 3.0 Dodging
 * Level 9.6 Stealth
 + Level 5.5 Spellcasting
 + Level 5.1 Poison Magic


You had 3 spell levels left.
You knew the following spells:

 Your Spells              Type           Power        Failure   Level  Hunger
a - Sting                 Conj/Pois      ##..         4%          1    None
b - Poisonous Vapours     Pois/Air       ##....       7%          2    None
c - Ignite Poison         Fire/Tmut/Pois ##......     19%         3    ##.....
d - Olgreb's Toxic Radia  Pois           ###.....     16%         4    ####...
e - Summon Scorpions      Summ/Pois      ##......     41%         4    ####...

Your spell library contained the following spells:

 Spells                   Type           Power        Failure   Level  Hunger
 Venom Bolt               Conj/Pois      ##........   77%         5    #####..


Dungeon Overview and Level Annotations

Branches:
Dungeon (5/12)
 Temple: D:4-7

Altars:
Fedhas
Makhleb
Xom

Shops:
D:4 %


Innate Abilities, Weirdness & Mutations

You are very small and have problems with some larger weapons.
You are too small for most types of armour.
You have supernaturally acute eyesight. (SInv)
You are a herbivore.
You cover ground extremely quickly.
You need to consume almost no food.


Message History

You hit the orc.
You kill the orc!
Casting: Olgreb's Toxic Radiance (slightly dangerous; 16% risk of failure)
Confirm with . or Enter, or press ? or * to list all spells.
Aiming: Sting (safe; 4% risk of failure)
Press: ? - help, Shift-Dir - straight line, f - orc priest
Aim: an orc priest, wielding a +0 flail and wearing a cursed +0 leather armour The sting hits the orc priest.
The orc priest is poisoned.
The orc priest is lightly wounded.
The orc priest hits you but does no damage.
Casting: Sting (safe; 4% risk of failure)
Confirm with . or Enter, or press ? or * to list all spells.
Aiming: Sting (safe; 4% risk of failure)
Press: ? - help, Shift-Dir - straight line, f/p - orc priest
Aim: an orc priest, wielding a +0 flail and wearing a cursed +0 leather armour (lightly wounded, poisoned)
The sting hits the orc priest.
The orc priest looks even sicker.
The orc priest is moderately wounded.
The orc priest invokes the aid of Beogh against you.
Beogh smites you!
You die...

+# .# .#
##.## .
##.).#....
#.@o.)....
##...#.!..
##.## . .#
##


You could see an orc priest.

Vanquished Creatures
  2 sky beasts (D:4)
  A centaur (D:4)
  2 crimson imps (D:4)
  A bullfrog zombie (D:4)
  A hound (D:4)
  A gnoll shaman (D:4)
  An iguana (D:4)
  2 worker ants (D:4)
  5 gnolls (D:4)
  7 adders
  An adder skeleton (D:2)
  An adder zombie (D:3)
  6 worms
  4 dart slugs
  3 leopard geckos
  5 orcs
  4 giant cockroaches
  8 goblins
  7 hobgoblins
  4 jackals (D:1)
  10 kobolds
  2 quokkas
  7 bats
  6 frilled lizards
  A jackal skeleton (D:4)
  12 rats
104 creatures vanquished.

Notes
Turn   | Place    | Note
-------+----------+-------------------------------------------
     0 | D:1      | Groucho the Spriggan Venom Mage began the quest for the
                  | Orb.
     0 | D:1      | Reached XP level 1. HP: 9/9 MP: 5/5
   258 | D:1      | Reached skill level 4 in Stealth
   258 | D:1      | Reached XP level 2. HP: 13/13 MP: 1/6
  1820 | D:1      | Reached XP level 3. HP: 16/16 MP: 5/8
  2197 | D:1      | Learned a level 2 spell: Poisonous Vapours
  2201 | D:1      | Learned a level 3 spell: Ignite Poison
  3353 | D:2      | Reached skill level 5 in Stealth
  3758 | D:2      | Found a blossoming altar of Fedhas.
  3761 | D:2      | Found a shimmering altar of Xom.
  3765 | D:2      | Found a burning altar of Makhleb.
  3877 | D:2      | Reached XP level 4. HP: 21/21 MP: 0/10
  7217 | D:3      | Reached skill level 6 in Stealth
  7734 | D:4      | Reached XP level 5. HP: 16/24 MP: 0/12
  8077 | D:4      | Noticed a sky beast
  8084 | D:4      | Killed a sky beast
  8084 | D:4      | Reached skill level 7 in Stealth
  8646 | D:4      | Reached XP level 6. HP: 28/28 MP: 13/13
  9572 | D:4      | Reached skill level 8 in Stealth
  9854 | D:4      | Learned a level 4 spell: Olgreb's Toxic Radiance
  9860 | D:4      | Learned a level 4 spell: Summon Scorpions
 10166 | D:4      | Reached skill level 5 in Spellcasting
 10937 | D:4      | Reached XP level 7. HP: 25/32 MP: 1/15
 11379 | D:4      | Found Lirhinlutz's Food Emporium.
 11386 | D:4      | Reached skill level 9 in Stealth
 11487 | D:4      | Reached skill level 5 in Poison Magic
 11677 | D:5      | Entered Level 5 of the Dungeon
 11686 | D:5      | Killed from afar by an orc priest

Skill      XL: |  1  2  3  4  5  6  7 |
---------------+----------------------+-----
Stealth        | 4 5 6 7 8 9 |  9.6
Spellcasting   | 3 4 5 |  5.5
Poison Magic   | 4 5 |  5.1
Dodging        | |  3.0

Action                   |  1- 3 |  4- 6 |  7- 9 || total
-------------------------+-------+-------+-------++-------
Melee: Unarmed           |    20 |       |       ||    20
       Dagger            |     7 |   116 |     3 ||   126
Throw: Stone             |       |     7 |       ||     7
 Cast: Sting             |    78 |    75 |     6 ||   159
       Poisonous Vapours |     4 |     9 |     1 ||    14
       Ignite Poison     |       |    14 |     4 ||    18
       Olgreb's Toxic Ra |       |     1 |     5 ||     6
  Use: Potion            |     1 |     3 |       ||     4
       Scroll            |     1 |     5 |       ||     6
 Stab: Sleeping          |     5 |     5 |     1 ||    11
       Invisible         |       |     1 |       ||     1
  Eat: Ration            |     1 |     2 |     1 ||     4
Armor: Robe              |     8 |    19 |     1 ||    28
       Skin              |       |    28 |       ||    28
Dodge: Dodged            |    29 |   121 |    15 ||   165
